 Dungeon Crawl Stone Soup version 0.18-a0-844-g9229740 (webtiles) character file.

65 cluie the Gusty (level 3, -2/24 HPs)
             Began as a Demonspawn Air Elementalist on Dec 18, 2015.
             Slain by a gnoll
             ... wielding a +0 halberd
              (13 damage)
             ... on level 3 of the Dungeon.
             The game lasted 00:03:50 (2274 turns).

cluie the Gusty (Demonspawn Air Elementalist)       Turns: 2274, Time: 00:03:50

Health: -2/24      AC:  3    Str:  8    XL:     3   Next: 94%
Magic:  6/6        EV:  7    Int: 17    God:
Gold:   57         SH:  0    Dex: 13    Spells: 3 memorised, 1 level left

rFire  . . .     SeeInvis .     (no weapon)
rCold  . . .     Gourm    .     a - +0 robe
rNeg   . . .     Faith    .     (no shield)
rPois  .         Spirit   .     (no helmet)
rElec  .         Dismiss  .     j - +0 cloak
rCorr  .         Reflect  .     (no gloves)
SustAt .         Harm     .     (no boots)
MR     .....     Rnd*Tele +     (no amulet)
Stlth  ++........               (no ring)
                                e - ring of teleportation (curse)

@: repel missiles, not resistant to hostile enchantments, unstealthy
A: claws 1, powered by death 1
a: Evoke Teleportation


You were on level 3 of the Dungeon.
You were not hungry.

You visited 1 branch of the dungeon, and saw 3 of its levels.

You collected 57 gold pieces.

Inventory:

Armour
 a - a +0 robe (worn)
 j - a +0 cloak (worn)
Jewellery
 e - a cursed ring of teleportation (left claw)
Wands
 m - a wand of frost (32)
Scrolls
 f - 3 scrolls of identify {unknown}
 h - a scroll of teleportation {unknown}
 o - a scroll of enchant armour {unknown}
 p - a scroll of remove curse {unknown}
Potions
 g - 3 potions of curing {unknown}
 i - 2 potions of mutation {unknown}
 l - a potion of agility {unknown}
Books
 b - a book of Air

   Spells                             Type                      Level
   a - Shock                          Conjuration/Air              1
   b - Swiftness                      Charms/Air                   2
   c - Repel Missiles                 Charms/Air                   2
   d - Static Discharge               Conjuration/Air              3
   e - Lightning Bolt                 Conjuration/Air              5
Comestibles
 c - a bread ration
 d - 2 meat rations
 k - a chunk of flesh
 n - 2 fruits


   Skills:
 + Level 0.0 Fighting
 + Level 1.7 Dodging
 - Level 1.7 Stealth
 + Level 0.0 Unarmed Combat
 + Level 2.5 Spellcasting
 + Level 2.2 Conjurations
 + Level 3.6 Air Magic


You had one spell level left.
You knew the following spells:

 Your Spells              Type           Power        Failure   Level  Hunger
a - Shock                 Conj/Air       ##..         6%          1    #......
b - Static Discharge      Conj/Air       ##......     17%         3    ###....
c - Repel Missiles        Chrm/Air       #.....       17%         2    ##.....


Dungeon Overview and Level Annotations

Branches:
Dungeon (3/15)

Altars:
Qazlal


Innate Abilities, Weirdness & Mutations

You have sharp fingernails.
You regenerate a little health from kills.


Message History

There is an open door here.
There is a stone staircase leading down here.
You climb downwards.
A bat, a rat, 2 gnolls and a kobold come into view.
Found a stone staircase leading down.
There is a stone staircase leading up here.
A giant cockroach comes into view.
The gnoll shouts!
Found 15 gold pieces and a quarterstaff.
There are monsters nearby!
There are monsters nearby!
Unknown command.
A gnoll comes into view.
The gnoll shouts!
The gnoll hits you with a halberd!
Ouch! That really hurt!
There is a stone staircase leading up, spattered with blood here.
The gnoll hits you with a halberd!
Ouch! That really hurt!
You die...

... ... #.# #
#.# #.#.#
.####.#.######
.).b.........#
..#..#s####.#
# #.@.r..#
#...g.###.#
#..g#..
..K.g...##
###..#.##
#..#. #..#. ..
..


You could see 3 gnolls, a giant cockroach, a kobold (wandering) and a rat.

Vanquished Creatures
  An adder (D:2)
  2 worms (D:2)
  5 giant cockroaches
  9 hobgoblins
  7 jackals (D:1)
  4 kobolds
  3 bats (D:2)
  A giant gecko (D:2)
  7 goblins
  8 rats
47 creatures vanquished.

Notes
Turn   | Place    | Note
--------------------------------------------------------------
     0 | D:1      | cluie the Demonspawn Air Elementalist began the quest for the Orb.
     0 | D:1      | Reached XP level 1. HP: 13/13 MP: 3/3
   210 | D:1      | Gained mutation: You have sharp fingernails. [demonic ancestry]
   210 | D:1      | Reached XP level 2. HP: 10/19 MP: 0/5
   482 | D:1      | Reached skill level 3 in Air Magic
   946 | D:1      | Gained mutation: You regenerate a little health from kills. [demonic ancestry]
   946 | D:1      | Reached XP level 3. HP: 11/24 MP: 4/6
   952 | D:1      | ooh pbd
   952 | D:1      | this will be the one
   952 | D:1      | maybe
   952 | D:1      | Nah it'll just get guardian again
  1095 | D:1      | Learned a level 3 spell: Static Discharge
  1487 | D:2      | Learned a level 2 spell: Repel Missiles
  1588 | D:2      | Noticed a fire elemental
  1617 | D:2      | Found a stormy altar of Qazlal.
  1618 | D:2      | Noticed an air elemental
  1618 | D:2      | Noticed an earth elemental
  1618 | D:2      | Noticed a water elemental
  2274 | D:3      | Slain by a gnoll

Vault maps used:
D:1:      scummos_arrival_hexagon
D:2:      nicolae_qazlal_style_of_elements
D:3:      nemelex_xobeh_ov_fountains_minmay

Action                   || total
-------------------------++-------
Melee: Unarmed           ||   173
 Cast: Shock             ||    39
       Repel Missiles    ||     1
 Stab: Sleeping          ||     6
  Eat: Chunk             ||     5
